[Event "Oceania Zonal Open 2023"]
[Site "Melbourne"]
[Date "2023.01.23"]
[Round "1.1"]
[White "Kuybokarov, Temur"]
[Black "Li, Jason"]
[Result "1-0"]
[ECO "C11"]
[WhiteElo "2558"]
[BlackElo "1850"]
[Annotator "TA"]
[PlyCount "61"]
[EventDate "2023.01.09"]
[EventType "swiss"]
[EventCountry "AUS"]
[SourceTitle "playchess.com"]
[Source "ChessBase"]
[SourceQuality "1"]
[TimeControl "5400+30"]

1. e4 e6 2. d4 d5 3. Nc3 Nf6 4. e5 Nfd7 5. f4 c5 6. Nf3 Nc6 7. Be3 cxd4 8. Nxd4 Bc5 9. Qd2 O-O 10. O-O-O a6 11. Nb3 Bxe3 12. Qxe3 b5 {[%emt 0:05:05] C11: French: Classical System: 4 e5 and 4 Bg5 dxe4.} 13. Kb1 b4 14. Na4 a5 {[%emt 0:05:20] White is slightly better.} 15. h4 ({White should try} 15. c4 $14) 15... Ba6 $11 16. h5 Qe7 (16... Bxf1 $11 17. Rhxf1 h6) 17. Bxa6 $14 Rxa6 {[%emt 0:00:11] [#]} 18. g4 $146 ({Predecessor:} 18. Rc1 Rb8 19. Rhd1 Nb6 20. Nbc5 Nc4 21. Qe2 Ra7 22. g4 Rb5 23. Nb3 Rc7 24. g5 {0-1 Shabalov,A (2520)-Zherebukh,Y (2637) US Masters op 2015 (4)}) 18... Rb8 19. g5 (19. Rhe1 $14) 19... Nb6 $11 20. Nxb6 Raxb6 21. g6 fxg6 (21... a4 $11 22. Nc5 b3 23. cxb3 (23. axb3 axb3 24. Nxb3 Qa7 $11) 23... axb3) 22. hxg6 $16 h6 {[%emt 0:00:08] [#]} 23. f5 $1 $36 {[%emt 0:03:12][%cal Bf4f5,Bf5f6][%mdl 2080] Keeping Black busy. White has more active pieces.} d4 $2 {[%emt 0:03:46][%mdl 8192] Black cannot hold the game after this.} (23... exf5 $16 24. Rxd5 a4) 24. Nxd4 $18 Nxd4 {[%emt 0:00:18] [#]} 25. f6 ({Stronger than} 25. Rxd4 exf5 26. Rg1 Qe8 $11) 25... gxf6 26. Rxd4 fxe5 27. Rdh4 ({Not} 27. Qxe5 a4 $16) (27. Qxh6 Qg7 28. Qxg7+ Kxg7 29. Rd7+ Kxg6 $16) 27... Qg5 28. Qc5 b3 29. axb3 (29. Qxa5 {leads to mate.} bxc2+ 30. Kxc2 Rxb2+ 31. Kd3 Qg3+ 32. Kc4 Rc2+) 29... Kg7 {[%emt 0:07:33] [#]} 30. Rg1 $1 Rc8 (30... Qxg1+ 31. Qxg1) 31. Qxb6 {[%emt 0:00:15] Artfully played by Kuybokarov.   Weighted Error Value: White=0.07 (flawless) /Black=0.95} 1-0

[Event "Oceania Zonal Open 2023"]
[Site "Melbourne"]
[Date "2023.01.23"]
[Round "1.2"]
[White "Stolyarov, Michael"]
[Black "Zhao, Zong-Yuan"]
[Result "0-1"]
[ECO "A06"]
[WhiteElo "1668"]
[BlackElo "2488"]
[Annotator "TA"]
[PlyCount "108"]
[EventDate "2023.01.09"]
[EventType "swiss"]
[EventCountry "AUS"]
[SourceTitle "playchess.com"]
[Source "ChessBase"]
[SourceQuality "1"]
[TimeControl "5400+30"]

1. b3 d5 2. Nf3 Bf5 3. Bb2 e6 4. e3 Nf6 5. c4 Bd6 6. Be2 {[%emt 0:02:01] A06: Réti Opening: 1 Nf3 d5.} Nbd7 7. Nc3 h6 8. Rc1 {[%emt 0:03:46] The position is equal.} c6 9. d3 Qe7 {[%emt 0:03:34] [#]} 10. Nh4 $146 ({Predecessor:} 10. O-O O-O 11. Re1 e5 12. cxd5 cxd5 13. e4 Be6 14. d4 dxe4 15. dxe5 Nxe5 16. Nxe4 Nxe4 {½-½ Babik,T (2257)-Stanisz,P (2153) POL-chT 2nd League 2005 (5.62)}) 10... Bh7 11. g3 O-O 12. O-O a6 13. Re1 e5 14. Bf3 (14. Bf1 $1 $11) 14... e4 15. Be2 (15. dxe4 dxe4 16. Be2 Rad8) 15... Nc5 16. dxe4 dxe4 17. b4 Ncd7 18. c5 Bc7 19. Qb3 g5 20. Ng2 Ne5 21. Red1 Rad8 (21... Bf5 {is interesting.} 22. Ne1 h5 23. Na4 Nfg4) 22. Ne1 Bf5 (22... h5 {seems wilder.} 23. Nb1 h4 24. Rxd8 Rxd8 25. Rd1 Nfg4) 23. Rxd8 Rxd8 24. Rd1 {[%emt 0:00:09] Wards off Rd2} Re8 25. Nc2 Be6 26. Qa4 Bg4 {[%emt 0:06:37] Black is more active.} 27. Nd4 (27. Qb3 $142) 27... Nf3+ (27... Bxe2 $17 28. Ncxe2 Qd7) 28. Nxf3 $11 Bxf3 29. Rd2 Be5 30. Qd1 g4 31. Qc2 Qe6 32. a3 h5 33. Na4 {[%emt 0:01:12] [#]} (33. Bf1 $11) 33... h4 $1 34. Bc4 (34. gxh4 {simplifies} Bxe2 35. Rxe2 Nd7 36. Nb6) 34... hxg3 $1 35. fxg3 Qf5 36. Bxe5 Rxe5 (36... Qxe5 $14 37. Qa2 Re7) 37. Rd8+ (37. Nb6 $18 {and the rest is easy.}) 37... Kg7 (37... Re8 $16 38. Rd6 Qe5) 38. Nb6 {[%emt 0:00:47] Strongly threatening Qb2.} Nh7 (38... Re8 $16 39. Rd6 (39. Rxe8 Nxe8 40. Qc3+ f6 $16) 39... Qe5) 39. Qc3 f6 $2 (39... Ng5 {was worth a try.} 40. Bf1 (40. Nd7 Nh3+ 41. Kf1 Bh1+ 42. Ke1 Qf2+ 43. Kd1 Bf3+ 44. Kc1 Qg1+ 45. Kb2 Qxh2+ 46. Kc1 Qg1+ 47. Kc2 Qh2+ 48. Kc1 Qg1+ 49. Kc2 Qh2+ 50. Kc1 $11) 40... Qf6) 40. Rg8+ $18 Kh6 41. Bf7 $2 ({White should play} 41. Qd4 $18 {Qd6 would be deadly.} Ng5 42. Rh8+ Kg7 43. Qd8 Nh3+ 44. Rxh3 gxh3 45. Nd7) 41... Ng5 $11 42. Rg6+ (42. Qc4 $17) 42... Kh7 $19 {[%emt 0:00:09] ( -> ...Be2)} 43. Rxg5 ({Don't blunder} 43. Qc4 $2 Re7 44. Rxg5 Qxg5 $19) 43... Qxg5 (43... fxg5 $19 {has better winning chances.} 44. Bc4 Re7) 44. Qd4 $2 (44. Nd7 $17) 44... Re7 45. Bc4 Qe5 46. Qd8 {[%emt 0:00:36] Against Qxd4} (46. Qxe5 Rxe5 47. Nc8) 46... Re8 (46... Qa1+ $142 47. Bf1 Rf7) 47. Qd7+ Re7 (47... Kh6 $142 48. Bf1 Re7) 48. Qd8 Re8 (48... Qa1+ $142 49. Bf1 Rf7) 49. Qd7+ Qe7 50. Qf5+ Kh6 51. Nc8 Qe5 52. Qd7 {[%emt 0:00:11][%mdl 8192] [#]} (52. Qxe5 $17 fxe5 53. Nd6) 52... Qc3 $1 {[%emt 0:01:25][%csl LRa3,LRc4,LRe3] Black mates.} 53. Qxe8 (53. Qd4 Qe1+) 53... Qe1+ 54. Bf1 Qxe3# {[%emt 0:02:36] Quite a comeback for Black. A fantastic game!   Weighted Error Value: White=0.49/Black=0.61} 0-1

[Event "Oceania Zonal Open 2023"]
[Site "Melbourne"]
[Date "2023.01.23"]
[Round "1.3"]
[White "Sardana, Rishi"]
[Black "Hernandez Jimenez, Caleb"]
[Result "1-0"]
[ECO "B27"]
[WhiteElo "2459"]
[BlackElo "1098"]
[Annotator "TA"]
[PlyCount "85"]
[EventDate "2023.01.09"]
[EventType "swiss"]
[EventCountry "AUS"]
[SourceTitle "playchess.com"]
[Source "ChessBase"]
[SourceQuality "1"]
[TimeControl "5400+30"]

1. e4 c5 2. Nf3 g6 3. c3 d5 4. e5 d4 5. cxd4 cxd4 6. Bb5+ {[%emt 0:06:25] B27: Sicilian: 2 Nf3, unusual Black 2nd moves.} Bd7 {[%emt 0:11:29] [#]} 7. e6 $146 ({Much weaker is} 7. Nxd4 Bxb5 8. Nxb5 Nc6 $11) ({Predecessor:} 7. Bc4 Nc6 8. O-O Bg7 9. Re1 Nh6 10. d3 O-O 11. Bf4 Bg4 12. Nbd2 Nf5 13. h3 Bxf3 14. Nxf3 {1-0 Howell,D (2685)-Claridge Hansen,W (2283) BCF-chT1c 1718 (4NCL) Promotion pool 2017 (9.31)}) 7... fxe6 8. Bc4 {[%emt 0:00:54][%cal Oe1g1] The position is equal.} ({But not} 8. Nxd4 Bxb5 9. Nxb5 Nc6 $15) 8... Qc8 (8... Nc6 $11 {is more appropriate.}) 9. d3 $14 {[%emt 0:01:23][%mdl 1024] White has compensation.} Bg7 10. O-O Nc6 11. Re1 Na5 12. Na3 Nxc4 13. Nxc4 Bc6 (13... Nf6 $142) 14. Nce5 $16 Bxe5 15. Nxe5 ({Don't do} 15. Rxe5 Bxf3 16. Qxf3 Qd7 $16) 15... Nf6 16. Bh6 Qc7 17. Rc1 {[%emt 0:02:23] [#] Threatens to win with Nxc6.} Qd6 18. Rc4 Bb5 19. Rc1 Bc6 $1 {[%emt 0:00:39] Wards off Qf3} 20. Bg7 (20. Qd2 $18) 20... Rg8 21. Bxf6 exf6 22. Nxc6 bxc6 23. Qf3 Kd7 24. Qxf6 Raf8 25. Qh4 $36 {[%emt 0:00:15][%mdl 2048] Keeping Black busy. White is much more active.} Rg7 26. Rc4 Rf4 27. Qg3 Rgf7 28. Re2 e5 (28... c5 $16 {was called for.}) 29. f3 $18 c5 (29... Re7 $142 30. Rec2 Rf6) 30. Qe1 R4f5 31. Qa5 Qb6 32. Rxc5 Qxa5 33. Rxa5 {[%emt 0:00:06][%mdl 4096] Endgame KRR-KRR} Kd6 34. Ra6+ Kd5 35. Rc2 {[%emt 0:00:34] [#] Dodges Rc7. Intending Rac6 and mate.} R5f6 {[%emt 0:00:43] Against Rac6} 36. Ra5+ Kd6 37. b4 Rb7 38. a3 Rb6 $2 (38... Re6 39. Rcc5 Ke7 40. Rxe5 Rxe5 41. Rxe5+ Kd6) 39. Rxa7 h5 40. h3 Kd5 41. Kf2 Rfc6 42. Ra5+ Ke6 43. Re2 {[%emt 0:01:09] Weighted Error Value: White=0.16 (very precise) /Black=0.18 (very precise)} 1-0

[Event "Oceania Zonal Open 2023"]
[Site "Melbourne"]
[Date "2023.01.23"]
[Round "1.4"]
[White "Can, Ryan"]
[Black "Fikh, Anthony"]
[Result "1/2-1/2"]
[ECO "D37"]
[WhiteElo "1658"]
[BlackElo "1902"]
[Annotator "TA"]
[PlyCount "64"]
[EventDate "2023.01.09"]
[EventType "swiss"]
[EventCountry "AUS"]
[SourceTitle "playchess.com"]
[Source "ChessBase"]
[SourceQuality "1"]
[TimeControl "5400+30"]

1. d4 d5 2. c4 e6 3. Nc3 a6 4. cxd5 exd5 5. Nf3 Nf6 6. Bg5 {[%emt 0:01:20] D37: Queen's Gambit Declined: 5 Bf4.} Be6 7. e3 Nbd7 8. Be2 {[%emt 0:02:04] White is slightly better.} Bd6 9. O-O O-O 10. a3 c6 11. b4 h6 12. Bh4 Re8 {[%emt 0:20:39] [#]} 13. Qc2 $146 ({Predecessor:} 13. Na4 b5 14. Nc5 Nb6 15. Ne5 Qc7 16. Bxf6 gxf6 17. Nf3 Kh8 18. g3 Rg8 19. Nh4 {0-1 Begunov,K (2325)-Mikhailovsky,V (2197) Titled Tuesday intern op 03rd Aug blitz 2021 (11)}) 13... Bg4 14. Bg3 Bxg3 15. hxg3 Qe7 16. Nd2 h5 17. Bf3 Qd6 18. Qd3 g6 19. e4 dxe4 20. Ndxe4 Qe7 21. Rfe1 Bf5 22. Qd2 {[%emt 0:00:24] [#] And now Nc5 would win.} Nxe4 (22... Bxe4 {seems wilder.} 23. Qf4 Nd5 24. Qxe4 N7f6) 23. Bxe4 Qf6 24. Bxf5 Qxf5 25. d5 Ne5 26. Qf4 Qxf4 {[%emt 0:03:48] The position is equal.} 27. gxf4 Nd3 28. Rxe8+ Rxe8 29. dxc6 bxc6 30. g3 a5 31. Rd1 Nb2 32. Rb1 Nc4 {[%emt 0:00:26] A rather calm draw.   Weighted Error Value: White=0.09 (flawless) /Black=0.08 (flawless)} 1/2-1/2

[Event "Oceania Zonal Open 2023"]
[Site "Melbourne"]
[Date "2023.01.23"]
[Round "1.5"]
[White "Bjelobrk, Igor"]
[Black "Ha, Timothy Huy Minh"]
[Result "1-0"]
[ECO "D30"]
[WhiteElo "2405"]
[BlackElo "1657"]
[Annotator "TA"]
[PlyCount "77"]
[EventDate "2023.01.09"]
[EventType "swiss"]
[EventCountry "AUS"]
[SourceTitle "playchess.com"]
[Source "ChessBase"]
[SourceQuality "1"]
[TimeControl "5400+30"]

1. d4 d5 2. c4 e6 3. Nf3 Nf6 4. e3 Be7 5. Bd3 dxc4 6. Bxc4 {[%emt 0:00:05] D30: Queen's Gambit Declined: Systems without Nc3.} c5 7. O-O O-O 8. b3 {[%emt 0:01:28] The position is equal.} cxd4 9. Nxd4 a6 10. Bb2 b5 11. Be2 Bb7 {[%emt 0:00:43] [#]} 12. a4 $146 ({Predecessor:} 12. Nd2 Nbd7 13. Bf3 Nd5 14. Rc1 Rc8 15. Qe2 N7f6 16. Rfd1 Qa5 17. a4 Bb4 18. Ne4 Nxe4 19. Bxe4 {1-0 Brejnik,G (1846)-Pultinevicius,P EU-ch U12 Prague 2012 (4)}) 12... b4 (12... Qd5 $2 13. Bf3 (13. axb5 $2 Qxg2#) 13... Qd7 14. axb5 $16) 13. Nd2 Nc6 14. Bf3 Nd5 15. Nxc6 Bxc6 16. Rc1 {[%emt 0:00:54] Prevents Nc3.} Rc8 17. Ne4 {[%emt 0:01:42] Prevents Nc3} Ba8 18. Rxc8 Qxc8 19. Qd4 {[%emt 0:00:38][%csl Gb2][%cal Rd4g7] [#] Prevents Nc3} (19. Qa1 {simplifies} f6 20. Rc1 Qd7 21. Qb1) 19... Nc3 20. Nxc3 $40 {[%emt 0:07:59][%mdl 128] White is out for blood.} bxc3 21. Qxc3 (21. Bxc3 $2 Bf6 22. Qd3 Rd8 $19) 21... Qxc3 22. Bxc3 Bxf3 23. gxf3 {[%emt 0:00:05][%mdl 4096] Endgame KRB-KRB} Rc8 24. Bd4 f5 25. Rd1 Rc2 26. Be5 Bh4 (26... h5 $16) 27. Bg3 $18 Bxg3 28. hxg3 $16 {[%emt 0:00:07] Rd6 is the strong threat. KR-KR} (28. fxg3 $6 Kf7 $14) 28... Rb2 29. Rd6 Kf7 30. Rb6 (30. a5 $18) 30... Rb1+ (30... g5 $16 {was called for.} 31. Rxa6 Rxb3 32. Ra7+ Kg6) 31. Kg2 $18 g5 32. a5 ({Resist} 32. Rxa6 Rxb3 33. Ra7+ Kg6) 32... h5 33. e4 f4 34. e5 {[%emt 0:04:14] Strongly threatening Rb7+.} h4 $2 {[%emt 0:00:52][%mdl 8192] This move loses the game for Black.} (34... fxg3 $16 35. fxg3 Rb2+ 36. Kg1 Rb1+ 37. Kh2 Rb2+ 38. Kg1 Rb1+ 39. Kg2 Rb2+ 40. Kg1) 35. gxf4 (35. Rxa6 hxg3 36. fxg3 Rb2+ 37. Kh3 Rxb3 $16) 35... gxf4 36. Rb4 (36. Rxa6 $142 Rxb3 37. Ra8) 36... Ke7 37. Rb7+ ({Not} 37. Rxf4 Rxb3 38. Rxh4 Ra3 39. Rh7+ Kd8 $18) 37... Kf8 (37... Kd8 $142 38. Rb6 Kd7) 38. b4 {[%emt 0:00:20][%cal Bb3b4,Bb4b5][%mdl 32] Intending b5! and mate.} Ke8 {[%emt 0:00:06] [#]} 39. b5 $1 {[%emt 0:00:43][%mdl 576] Promotion.   Weighted Error Value: White=0.21 (precise) /Black=0.43} 1-0

[Event "Oceania Zonal Open 2023"]
[Site "Melbourne"]
[Date "2023.01.23"]
[Round "1.6"]
[White "Ni, Lucas"]
[Black "Lane, Gary W"]
[Result "0-1"]
[ECO "C60"]
[WhiteElo "1641"]
[BlackElo "2343"]
[Annotator "TA"]
[PlyCount "72"]
[EventDate "2023.01.09"]
[EventType "swiss"]
[EventCountry "AUS"]
[SourceTitle "playchess.com"]
[Source "ChessBase"]
[SourceQuality "1"]
[TimeControl "5400+30"]

1. e4 e5 2. Nf3 Nc6 3. Bb5 a6 4. Ba4 Nge7 5. O-O g6 6. c3 Bg7 7. d4 {[%emt 0:00:53] Threatening dxe5.} b5 {[%emt 0:00:22] C60: Ruy Lopez: Unusual Black 3rd moves and 3...g6.} 8. Bc2 exd4 9. cxd4 O-O {[%emt 0:00:19] White is slightly better.} 10. Nc3 {[%emt 0:00:46] 10.h3 is setting a new trend.} d6 (10... b4 $5 ) 11. Bf4 (11. h3 $14) 11... Bg4 $15 12. d5 (12. Be3 $15 {feels stronger.}) 12... Nd4 $1 $17 {[%emt 0:03:04] [#]} 13. Be3 $146 {[%emt 0:01:35] [#]} (13. Re1 $17) ({Predecessor:} 13. Qd3 Nxf3+ 14. gxf3 Bh3 15. Rfe1 Nc8 16. Bg3 Nb6 17. f4 Nd7 18. Rad1 Re8 19. Ne2 {1-0 Spitzl,V (2346)-Stefanova,A (2462) Titled Tuesday intern op 28th Apr blitz 2020 (1)}) 13... Nxf3+ $1 $19 14. gxf3 {[%emt 0:00:12] [#]} Bh3 (14... Bh5 $1 $19 {aiming for ...f5.} 15. Qd3 Qd7) 15. Re1 $15 f5 {[%emt 0:00:15][%cal Bf7f5,Bf5f4][%mdl 32] Hoping for ...f4.} 16. Kh1 Qd7 ({Better is} 16... Nc8 $15) 17. Rg1 (17. Bd4 $5 ) 17... c5 (17... Be5 $11 {remains equal.}) 18. Qe2 $2 (18. dxc6 $16 {is forced if you want to stay better.} Nxc6 19. Nd5) 18... f4 $19 19. Bd2 h6 20. a3 g5 21. Nd1 Ng6 22. Bc3 Nh4 23. Bxg7 Qxg7 (23... Kxg7 24. e5 $17) 24. e5 dxe5 (24... g4 $19 25. Be4 Qxe5) 25. Be4 $17 Kh8 {[%emt 0:00:26] Black has more active pieces. The white rooks are badly placed.} 26. Nc3 g4 27. Qd3 (27. fxg4 $2 f3 28. Qe3 Bg2+ 29. Rxg2 fxg2+ 30. Kg1 Rf4 $19) (27. a4 $17) 27... c4 $19 28. Qd1 h5 (28... Qa7 $142 29. Qe2 Qb6) 29. fxg4 (29. d6 $142) 29... f3 {[%emt 0:07:52] Threatens to win with ...Bg2+.} ({Don't do} 29... Bxg4 30. f3 $18) 30. Rg3 hxg4 ({Not} 30... Bxg4 31. h3 Qh6 32. hxg4 $11) 31. Qd2 Bg2+ (31... Rf6 $19 {...Raf8 is the strong threat.} 32. Rd1 (32. d6 $2 Rd8 $19) 32... Ng2) 32. Kg1 $17 Nf5 33. Bxf5 Rxf5 34. Nd1 $2 (34. d6 $17) 34... Rh5 {[%emt 0:03:36][%cal Oh5h2] ( -> ...Rxh2!)} 35. Ne3 Rxh2 {[%emt 0:00:25][%csl Gg2][%cal Rh2h1][%mdl 64] Decoy, Back Rank} 36. Nxg2 $2 (36. Rxg2 $19 Rxg2+ 37. Nxg2) 36... Qh7 {[%emt 0:00:28] Excellently played by Lane!   Weighted Error Value: White=0.74/Black=0.34} 0-1

[Event "Oceania Zonal Open 2023"]
[Site "Melbourne"]
[Date "2023.01.23"]
[Round "1.7"]
[White "Liu, Yi"]
[Black "Tang, Terrence"]
[Result "1-0"]
[ECO "D02"]
[WhiteElo "2303"]
[BlackElo "1641"]
[Annotator "TA"]
[PlyCount "79"]
[EventDate "2023.01.09"]
[EventType "swiss"]
[EventCountry "AUS"]
[SourceTitle "playchess.com"]
[Source "ChessBase"]
[SourceQuality "1"]
[TimeControl "5400+30"]

1. d4 d5 2. Nf3 Nf6 3. c3 e6 4. Bf4 c5 5. e3 Nc6 6. Nbd2 Bd6 {[%emt 0:01:38] 6...cxd4 injects fresh life into this line.} 7. Bd3 {[%emt 0:00:35] D02: 1 d4 d5 2 Nf3 sidelines, including 2...Nf6 3 g3 and 2...Nf6 3 Bf4.} Bxf4 8. exf4 cxd4 9. cxd4 {[%emt 0:04:01] The position is equal.} Qd6 10. g3 $1 Qb4 11. Qb3 {[%emt 0:02:31] [#]} Qxb3 $146 ({Predecessor:} 11... Ne4 12. Qxb4 Nxb4 13. Bb1 Nxd2 14. Nxd2 Bd7 15. a3 Nc6 16. Nf3 Rc8 17. O-O O-O {0-1 Van Setten,A (1722)-Shah,S (1528) Hoogeveen Amateurs op 25th 2022 (4.17)}) 12. Nxb3 Ne4 13. Rc1 Nd6 14. h4 Bd7 15. h5 f6 16. a3 Rc8 17. Kd2 b6 18. Ba6 Rc7 (18... Rb8 $5 ) 19. Rc2 {[%emt 0:00:11] [#]} (19. h6 $11 {keeps the balance.}) 19... Bc8 (19... b5 $1 $17 {Strongly threatening ...Nc4+.} 20. Ke2 Ke7) 20. Bd3 $11 {[%emt 0:00:33] Wards off Nc4+} O-O 21. Rhc1 (21. h6 $5 ) 21... Bb7 22. a4 Rfc8 23. Bb5 Na5 24. Nxa5 Rxc2+ 25. Rxc2 bxa5 26. Bd3 Rxc2+ 27. Bxc2 {[%emt 0:00:18][%mdl 4096] Endgame KBN-KBN} Bc6 28. Kc3 Ne4+ (28... Be8 $15) 29. Bxe4 $14 dxe4 {[%emt 0:00:06] KB-KN} 30. Nd2 Bxa4 31. Nxe4 {[%emt 0:00:42] aiming for Nc5.} Kf7 32. Nd6+ Kf8 (32... Ke7 $14 33. Nc4 Be8) 33. Nb7 (33. h6 $16) 33... h6 (33... Ke7 $14) 34. Nc5 $1 $16 ({Don't do} 34. Nxa5 $6 Bd1 $14) 34... Bd1 35. Nxe6+ Kf7 36. Nd8+ Ke8 37. Ne6 Kf7 {[%emt 0:00:04] [#]} 38. d5 Bxh5 39. f5 {[%emt 0:00:28] White is more active.} (39. Nd4 $16) 39... g5 $2 (39... Bg4 $14) 40. d6 {[%emt 0:01:08] Weighted Error Value: White=0.22 (precise) /Black=0.19 (very precise)} 1-0

[Event "Oceania Zonal Open 2023"]
[Site "Melbourne"]
[Date "2023.01.23"]
[Round "1.7"]
[White "McGowan, Cameron"]
[Black "Chmiel, Rad"]
[Result "1-0"]
[ECO "C42"]
[WhiteElo "2175"]
[BlackElo "1628"]
[Annotator "TA"]
[PlyCount "51"]
[EventDate "2023.01.09"]
[EventType "swiss"]
[EventCountry "AUS"]
[SourceTitle "playchess.com"]
[Source "ChessBase"]
[SourceQuality "1"]
[TimeControl "5400+30"]

1. e4 e5 2. Nf3 Nf6 3. Nxe5 d6 4. Nf3 Nxe4 5. Nc3 Nxc3 6. dxc3 Be7 7. Be3 Nc6 8. Qd2 O-O 9. O-O-O Ne5 10. Nd4 (10. Kb1 $142) 10... c5 $11 {[%emt 0:06:34] C42: Petroff Defence: 3 Nxe5 and unusual White 3rd moves.} 11. Nb5 Qa5 (11... Be6 $5 ) 12. a3 a6 (12... Rd8 $11 13. c4 Qb6) 13. Nxd6 $14 {[%emt 0:01:11] Threatens to win with Qd5.} Rd8 14. Nxc8 Rxd2 $2 ({Black should play} 14... Raxc8 $14 15. Qe1 Rxd1+ 16. Qxd1 Rd8) 15. Nxe7+ $18 Kf8 {[%emt 0:00:12] Strongly threatening ...Rxd1+.} 16. Rxd2 Kxe7 17. Rd5 $1 Nd7 {[%emt 0:20:50] Black is weak on the dark squares} (17... f6 {might work better.} 18. f4 (18. Bxc5+ Ke8 $14) (18. Rxc5 Qa4 $16) 18... Nd7) 18. Be2 b6 {[%emt 0:15:40] [#]} 19. Bf3 $1 {[%emt 0:06:32] White is clearly winning.} Ra7 20. Re1 {[%emt 0:02:15] [#]} Kf8 $146 ({Predecessor:} 20... Kd8 21. Bg4 g6 22. Bg5+ {1-0 Schmidt,W (2235)-Wittmann,M (2138) Regionalliga SO 1011 2010 (9.2)}) 21. Bf4 {[%emt 0:03:38] White wants to mate with Bd6+.} f6 22. Bd6+ Kf7 23. Re7+ Kg6 24. Be4+ {[%emt 0:02:04][%mdl 64] [#] Skewer. A strong pair of Bishops.} f5 25. Rxf5 {[%emt 0:09:09] White threatens Re6+ and mate.} Nf6 26. Rxc5+ {[%emt 0:00:38] Black did not feel at home in the position after the opening.   Weighted Error Value: White=0.09 (flawless) /Black=0.76} 1-0

[Event "Oceania Zonal Open 2023"]
[Site "Melbourne"]
[Date "2023.01.23"]
[Round "1.8"]
[White "Bekker, Gary D"]
[Black "Gong, Patrick"]
[Result "0-1"]
[ECO "E90"]
[WhiteElo "1637"]
[BlackElo "2292"]
[Annotator "TA"]
[PlyCount "76"]
[EventDate "2023.01.09"]
[EventType "swiss"]
[EventCountry "AUS"]
[SourceTitle "playchess.com"]
[Source "ChessBase"]
[SourceQuality "1"]
[TimeControl "5400+30"]

1. d4 Nf6 2. c4 c5 3. d5 d6 4. Nc3 g6 5. e4 Bg7 6. Nf3 O-O 7. Bd3 Bg4 8. O-O {[%emt 0:01:06] E90: King's Indian: Classical: Early deviations and 6 h3.} Nbd7 9. h3 Bxf3 10. Qxf3 {[%emt 0:00:15] White is slightly better.} Ne5 11. Qe2 Nxd3 12. Qxd3 Nd7 13. Bf4 Qa5 14. Bd2 a6 15. Nd1 Qc7 {[%emt 0:03:47] [#]} 16. a4 $146 ({Predecessor:} 16. Bc3 Ne5 17. Qe2 b5 18. cxb5 axb5 19. f4 Nc4 20. Bxg7 Kxg7 {½-½ Kotomkin,I-Tishin,A (2018) Gorodets op 2012 (8)}) 16... Rab8 17. Bc3 Ne5 18. Qe2 b5 19. axb5 axb5 20. cxb5 c4 21. Bxe5 (21. f4 $14 Nd3 22. Bxg7 Kxg7 23. Nc3) 21... Bxe5 $11 22. Ne3 Rxb5 23. Nxc4 Bg7 24. Ra2 Rfb8 25. Rb1 Bd4 26. Kf1 Qc5 27. f3 {[%emt 0:08:14] [#]} (27. Ra6 $11) 27... Rc8 {[%emt 0:02:34] Black is more active. White is weak on the dark squares} (27... Rb4 $1 $17 28. Rc1 Bxb2) 28. Ra4 Rb3 29. g3 $2 {[%emt 0:12:24][%mdl 8192] Now White is beyond hope.} (29. Na5 $11 Rxb2 {[%mdl 64] Decoy} 30. Rxb2 Qc1+ 31. Qe1 Bxb2 32. Qxc1 Rxc1+ 33. Kf2) 29... Qb5 $19 30. Rba1 Bxb2 31. Nxb2 {[%emt 0:00:29] aiming for Qxb5.} Qxe2+ 32. Kxe2 {[%emt 0:00:09] Threatens to win with Nc4.} Rxb2+ {[%emt 0:00:23][%mdl 4096] Endgame KRR-KRR} 33. Ke3 Rc3+ 34. Kf4 $2 {[%emt 0:00:15] [#]} (34. Kd4 $19 Rbb3 35. g4) 34... Rf2 $1 {[%emt 0:00:11] Black mates.} 35. Rg1 Kg7 36. Kg4 h5+ 37. Kh4 Kh6 38. f4 f6 {[%emt 0:00:09] An entertaining game by Gong.   Weighted Error Value: White=0.46/Black=0.13 (very precise)} 0-1